 Dungeon Crawl Stone Soup version 0.23.0-3-gf3c87f2 (webtiles) character file.

Game seed: 12301070235676688920

835 JimmahDean the Cleaver (level 7, -4/66 HPs)
             Began as a Naga Berserker on Feb 23, 2019.
             Was a Believer of Trog.
             Slain by a gnoll
             ... wielding a +0 spear
              (7 damage)
             ... on level 5 of the Dungeon.
             The game lasted 00:13:12 (4589 turns).

JimmahDean the Cleaver (Naga Berserker)             Turns: 4589, Time: 00:13:13

Health: -4/66      AC:  5    Str: 21      XL:     7   Next: 99%
Magic:  7/7        EV:  9    Int:  8      God:    Trog [**....]
Gold:   188        SH:  0    Dex:  4 (10) Spells: 6/6 levels left

rFire    . . .     SeeInvis +   a - +0 hand axe
rCold    . . .     Gourm    .   (no shield)
rNeg     . . .     Faith    .   r - +0 animal skin
rPois    +         Spirit   .   q - +1 helmet
rElec    .         Reflect  .   (no cloak)
rCorr    +         Harm     .   (no gloves)
MR       .....                  (no barding)
Stlth    ++........             (no amulet)
HPRegen  0.21/turn              i - ring of resist corrosion
MPRegen  0.10/turn              h - ring of flight

@: short of breath, berserk cooldown, slowed, very slow
A: large, see invisible, deformed body, poison resistance, slowness 2, slow
metabolism 1, spit poison 1, AC +2
a: Spit Poison, Berserk, Trog's Hand, Renounce Religion, Evoke Flight


You were on level 5 of the Dungeon.
You worshipped Trog.
Trog was pleased with you.
You were not hungry.

You visited 1 branch of the dungeon, and saw 5 of its levels.

You collected 188 gold pieces.

Inventory:

Hand Weapons
 a - a +0 hand axe (weapon)
 b - a +4 hunting sling of flaming
 o - a +2 quarterstaff of chaos
Missiles
 s - 148 stones (quivered)
Armour
 g - a +0 chain mail
 n - a +0 cloak
 q - a +1 helmet (worn)
 r - a +0 animal skin (worn)
Jewellery
 h - a ring of flight (right hand)
 i - a ring of resist corrosion (left hand)
 j - a cursed ring of attention {unknown}
 t - an uncursed ring of ice
Scrolls
 e - 4 scrolls of remove curse {@r2}
 k - a scroll of immolation {!r}
 m - 2 scrolls of identify {@r1}
Potions
 d - a potion of mutation {!q}
 f - a potion of resistance
 p - 3 potions of curing {unknown}
 u - a potion of ambrosia {unknown}
Comestibles
 c - 6 rations {@e1}


   Skills:
 + Level 4.9 Fighting
 - Level 8.0 Axes
 - Level 1.5 Armour
 - Level 1.5 Dodging
 - Level 3.1 Stealth


You had 6 spell levels left.
You didn't know any spells.
Your spell library was empty.

Dungeon Overview and Level Annotations

Branches:
Dungeon (5/15)
 Temple: D:4-7

Altars:

Annotations:
D:3 Grinder
D:4 Dowan


Innate Abilities, Weirdness & Mutations

You cannot wear boots.
Your serpentine skin is tough. (AC +2)
You have supernaturally acute eyesight. (SInv)
Armour fits poorly on your strangely shaped body.
Your system is resistant to poisons. (rPois)
You cover ground very slowly.
You have a slow metabolism.
You can spit poison.


Message History

You take 2 damage, and have 9/66 hp.
You have got your breath back.
The gnoll closely misses you.
The gnoll hits you from afar with a +0 spear.
* * * LOW HITPOINT WARNING * * *
You take 2 damage, and have 7/66 hp.
A phantom comes into view.
The gnoll closely misses you.
Okay, then.
Okay, then.
You aren't carrying any items that you can evoke.
Aim: a gnoll, wielding a +0 halberd The splash of poison hits the gnoll!
You feel slightly more hungry.
The gnoll hits you from afar with a +0 spear.
* * * LOW HITPOINT WARNING * * *
The gnoll barely misses you.
The phantom blinks!
The gnoll hits you but does no damage.
You take 6 damage, and have 2/66 hp.
The gnoll barely misses you. The gnoll hits you with a +0 spear!
You die...

.... .....##......# .# #..W
.............. ...###.....
#.......#.... #...##...)##
##.....####..
..........###......#####. o.
####.........##.............
h..##.......§..#.....#......#...
#.(........##..........#.##...
#..((...####@.....##..###....
#......††#.gg........## ###..
........##††...g...#......# #.#
(.##.#.###........###.†.### ###
# ###. ##........#...## ##
#.##.##.....## #######.....#
#....## ###..#


You could see a phantom and 3 gnolls.

Vanquished Creatures
  Sigmund (D:2)
  Duvessa (D:4)
  A phantom (D:2)
  A sky beast (D:5)
  A scorpion (D:5)
  A crimson imp (D:5)
  A quasit (D:5)
  Crazy Yiuf (D:2)
  A hound (D:5)
  An iguana (D:5)
  Jessica (D:3)
  4 gnolls
  2 adders
  A shadow imp (D:5)
  2 worms
  A leopard gecko (D:2)
  3 orcs (D:4)
  A ball python (D:1)
  A giant cockroach (D:3)
  15 goblins
  14 hobgoblins
  4 jackals (D:5)
  9 kobolds
  A quokka (D:3)
  3 bats
  4 frilled lizards (D:1)
  6 rats
82 creatures vanquished.

Vanquished Creatures (others)
  Robin (D:3)
  2 goblins (D:3)
3 creatures vanquished.

Grand Total: 85 creatures vanquished

Notes
Turn   | Place    | Note
-------+----------+-------------------------------------------
     0 | D:1      | JimmahDean the Naga Berserker began the quest for the Orb.
     0 | D:1      | Reached XP level 1. HP: 21/21 MP: 1/1
   226 | D:1      | Reached skill level 1 in Stealth
   305 | D:1      | Reached XP level 2. HP: 23/28 MP: 2/2
   969 | D:1      | Reached XP level 3. HP: 34/34 MP: 3/3
  1457 | D:1      | Reached skill level 4 in Axes
  1733 | D:2      | Found a runed translucent door.
  1734 | D:2      | Noticed Crazy Yiuf
  1741 | D:2      | Killed Crazy Yiuf
  1741 | D:2      | Reached XP level 4. HP: 42/42 MP: 4/4
  1938 | D:2      | Noticed a phantom
  1975 | D:2      | Reached ** piety under Trog
  1996 | D:2      | Noticed Sigmund
  2006 | D:2      | Killed Sigmund
  2006 | D:2      | Reached skill level 6 in Axes
  2006 | D:2      | Reached XP level 5. HP: 49/49 MP: 5/5
  2006 | D:2      | Reached XP level 6. HP: 56/56 MP: 6/6
  2034 | D:2      | Killed a phantom
  2656 | D:3      | Noticed Grinder
  2970 | D:3      | Reached skill level 7 in Axes
  3281 | D:3      | Noticed Robin
  3289 | D:3      | Killed Robin
  3664 | D:3      | Noticed Jessica
  3667 | D:3      | Killed Jessica
  3667 | D:3      | Reached XP level 7. HP: 62/62 MP: 7/7
  4062 | D:4      | Noticed Dowan
  4068 | D:4      | Noticed Duvessa
  4088 | D:4      | Killed Duvessa
  4091 | D:5      | Entered Level 5 of the Dungeon
  4314 | D:5      | Reached skill level 8 in Axes
  4588 | D:5      | HP: 2/66 [gnoll/+0 spear (6)]
  4589 | D:5      | Slain by a gnoll

Skill      XL: |  1  2  3  4  5  6  7 |
---------------+----------------------+-----
Stealth        | 1 2 3 |  3.1
Axes           | 4 6 7 8 |  8.0
Fighting       | 4 |  4.9
Armour         | |  1.5
Dodging        | |  1.5

Action                   |  1- 3 |  4- 6 |  7- 9 || total
-------------------------+-------+-------+-------++-------
Melee: Hand axe          |    52 |       |    21 ||    73
       Quarterstaff      |       |    64 |    48 ||   112
 Fire: Hunting sling     |       |       |     4 ||     4
Invok: Berserk           |     2 |     3 |     2 ||     7
 Abil: Spit Poison       |    19 |    22 |    17 ||    58
  Use: Scroll            |       |     7 |       ||     7
       Potion            |       |     1 |     1 ||     2
 Stab: Sleeping          |     1 |     1 |       ||     2
       Invisible         |       |     2 |       ||     2
       Confused          |       |     1 |       ||     1
  Eat: Chunk             |     4 |    10 |     3 ||    17
       Ration            |       |       |     1 ||     1
Armor: Animal skin       |    10 |    16 |    73 ||    99
Dodge: Dodged            |    33 |    34 |    75 ||   142
